 Dungeon Crawl Stone Soup version 0.21.1-1-g345015f (webtiles) character file.

49 Kairos the Skirmisher (level 3, -5/20 HPs)
             Began as a Vine Stalker Fighter on May 14, 2018.
             Slain by Sigmund
             ... wielding a +0 scythe
              (9 damage)
             ... on level 2 of the Dungeon.
             The game lasted 00:01:19 (1448 turns).

Kairos the Skirmisher (Vine Stalker Fighter)        Turns: 1448, Time: 00:01:19

Health: -5/20      AC:  7    Str: 24    XL:     3   Next: 77%
Magic:  0/4        EV:  7    Int: 11    God:
Gold:   80         SH:  9    Dex: 13    Spells: 2/2 levels left

rFire    + . .     SeeInvis .   a - +0 war axe
rCold    x . .     Gourm    .   c - +0 shield
rNeg     . . .     Faith    .   n - +1 scale mail {MR+}
rPois    .         Spirit   +   (no helmet)
rElec    .         Reflect  .   (no cloak)
rCorr    .         Harm     .   (no gloves)
MR       +....                  (no boots)
Stlth    ..........             (no amulet)
HPRegen  0.06/turn              g - +3 ring of intelligence
MPRegen  0.09/turn              j - ring of fire

@: mighty
A: fangs 2, magic shield, antimagic bite, no potion heal 3, rot immunity
a: no special abilities


You were on level 2 of the Dungeon.
You were not hungry.

You visited 1 branch of the dungeon, and saw 2 of its levels.

You collected 80 gold pieces.

Inventory:

Hand Weapons
 a - a +0 war axe (weapon)
Armour
 b - a +0 scale mail
 c - a +0 shield (worn)
 n - a +1 scale mail of magic resistance (worn)
Jewellery
 g - a +3 ring of intelligence (left hand)
 j - a ring of fire (right hand)
Scrolls
 e - a scroll of teleportation {unknown}
 h - a scroll of amnesia {unknown}
 k - a scroll of fear {unknown}
 m - 2 scrolls of identify {unknown}
Potions
 i - a potion of haste {unknown}
 l - a potion of curing {unknown}
Comestibles
 f - 2 rations


   Skills:
 + Level 3.0 Fighting
 + Level 2.6 Axes
 + Level 2.8 Armour
 + Level 0.2 Dodging
 + Level 0.3 Stealth
 + Level 2.7 Shields


You had 2 spell levels left.
You didn't know any spells.

Dungeon Overview and Level Annotations

Branches:
Dungeon (2/15)

Altars:

Annotations:
D:2 Sigmund


Innate Abilities, Weirdness & Mutations

You have extremely sharp teeth.
When hurt, damage is shared between your health and your magic reserves.
Your bite disrupts and absorbs the magic of your enemies.
Potions cannot restore your health.
You are immune to rotting.


Message History

You block the bat's attack. Something hits you.
You closely miss something. You bite something. You drain its magic.
You feel invigorated. The bat hits you. You block the bat's attack.
The bat hits you but does no damage. Something hits you!
* * * LOW HITPOINT WARNING * * *
The bat hits you but does no damage.
Unknown command.
Okay, then.
Unknown command.
You feel very mighty all of a sudden.
You block the bat's attack. x3; The bat hits you but does no damage.
You barely miss something. You closely miss the bat. x2
You block the bat's attack. The bat hits you but does no damage.
Something hits you but does no damage.
You closely miss something. The bat hits you but does no damage.
You block the bat's attack.
You miss something. You bite something! You drain its magic.
You feel invigorated. You block the bat's attack. The bat barely misses you.
Something hits you!
You die...

####. #....
#..... #....$
#.....#######
#........(..#
#.....bb.(..#
##...{@...!#
#...).....#
###########


You could see 2 bats.

Vanquished Creatures
  An adder (D:2)
  4 dart slugs
  A leopard gecko (D:1)
  A giant cockroach (D:2)
  4 goblins
  2 hobgoblins (D:1)
  5 jackals (D:1)
  A quokka (D:2)
  A ball python (D:1)
  3 bats (D:1)
  3 frilled lizards (D:1)
  2 kobolds (D:1)
  A rat (D:1)
29 creatures vanquished.

Notes
Turn   | Place    | Note
-------+----------+-------------------------------------------
     0 | D:1      | Kairos the Vine Stalker Fighter began the quest for the Orb.
     0 | D:1      | Reached XP level 1. HP: 11/11 MP: 2/2
   282 | D:1      | Reached XP level 2. HP: 12/16 MP: 1/3
   508 | D:1      | Reached XP level 3. HP: 6/19 MP: 2/4
  1412 | D:2      | Reached skill level 3 in Fighting
  1430 | D:2      | Noticed Sigmund
  1448 | D:2      | Slain by Sigmund

Skill      XL: |  1  2  3 |
---------------+----------+-----
Axes           | 2 |  2.6
Fighting       | 3 |  3.0
Armour         | |  2.8
Dodging        | |  0.2
Stealth        | |  0.3
Shields        | |  2.7

Action                   || total
-------------------------++-------
Melee: War axe           ||    91
       Bite              ||    21
  Use: Potion            ||     1
  Eat: Chunk             ||     2
Armor: Scale mail        ||    54
Dodge: Dodged            ||    33
Block: Shield            ||    64
